 Dungeon Crawl Stone Soup version 0.25-a0-667-gb977e01cb5 (webtiles) character file.

Game seed: 9391004438740693238, levelgen mode: deterministic

1638 kae the Destroyer (level 8, -3/45 HPs)
             Began as a Tengu Air Elementalist on Mar 27, 2020.
             Slain by a killer bee (6 damage)
             ... on level 6 of the Dungeon.
             The game lasted 00:05:56 (6032 turns).

kae the Destroyer (Tengu Air Elementalist)          Turns: 6032, Time: 00:05:56

Health: -3/45      AC:  3    Str:  9    XL:     8   Next: 98%
Magic:  10/17      EV: 15    Int: 17    God:
Gold:   107        SH:  0    Dex: 15    Spells: 2/17 levels left

rFire    . . .     SeeInvis +   l - +3 whip (elec)
rCold    . . .     Gourm    .   (no shield)
rNeg     . . .     Faith    .   a - +1 robe
rPois    .         Spirit   .   (helmet restricted)
rElec    .         Reflect  .   (no cloak)
rCorr    .         Harm     .   (no gloves)
MR       .....                  (boots unavailable)
Stlth    ++........             d - amulet of regeneration
HPRegen  0.55/turn              m - ring of see invisible
MPRegen  0.15/turn              (no ring)

@: flying quickly and evasively, quick
A: beak, talons 3, blurry vision 1, robust 1, able to fly
a: Stop Flying


You were on level 6 of the Dungeon.
You were near starving.

You visited 1 branch of the dungeon, and saw 7 of its levels.
You also visited: Sewer.

You collected 379 gold pieces.
You spent 272 gold pieces at shops.

Inventory:

Hand Weapons
 l - a +3 whip of electrocution (weapon)
Armour
 a - a +1 robe (worn)
Jewellery
 d - an amulet of regeneration (around neck)
 m - a ring of see invisible (left hand)
Wands
 s - a wand of random effects (12)
Scrolls
 o - a scroll of magic mapping
 p - a scroll of teleportation
 q - 3 scrolls of remove curse
 r - a scroll of enchant weapon
 t - a scroll of enchant armour
Potions
 b - a potion of stabbing
 e - 5 potions of curing
 f - a potion of resistance
 g - 2 potions of might
 h - a potion of brilliance
 i - 3 potions of lignification
 j - 4 potions of ambrosia
 k - 2 potions of haste
 n - 2 potions of heal wounds
 u - a potion of magic
Comestibles
 c - 5 rations


   Skills:
 - Level 2.1 Dodging
 - Level 2.0 Stealth
 + Level 5.3 Spellcasting
 * Level 10.2 Conjurations
 + Level 8.2 Air Magic


You had 2 spell levels left.
You knew the following spells:

 Your Spells              Type           Power        Failure   Level  Hunger
a - Shock                 Conj/Air       ####         1%          1    None
b - Static Discharge      Conj/Air       #####...     1%          3    ##.....
c - Lightning Bolt        Conj/Air       #####.....   9%          5    ######.
d - Airstrike             Air            ####......   4%          4    ####...
e - Swiftness             Chrm/Air       ###.....     3%          2    #......

Your spell library contained the following spells:

 Spells                   Type           Power        Failure   Level  Hunger
 Magic Dart               Conj           ####         1%          1    None
 Animate Skeleton         Necr           N/A          14%         1    None
 Apportation              Tloc           #.....       14%         1    None
 Beastly Appendage        Tmut           #.....       14%         1    None
 Corona                   Hex            #......      14%         1    None
 Summon Small Mammal      Summ           #...         14%         1    None
 Blink                    Tloc           N/A          21%         2    #......
 Call Imp                 Summ           #.......     21%         2    #......
 Slow                     Hex            #.......     21%         2    #......
 Sticks to Snakes         Tmut           #.......     21%         2    #......
 Mephitic Cloud           Conj/Pois/Air  ####....     3%          3    ##.....
 Conjure Flame            Conj/Fire      ###.....     4%          3    ##.....
 Spider Form              Tmut/Pois      #.........   38%         3    ##.....
 Ice Form                 Ice/Tmut       #.......     80%         4    ####...
 Blade Hands              Tmut           #.........   98%         5    ######.


Dungeon Overview and Level Annotations

Branches:
Dungeon (7/15)              Sewer (visited)
 Temple: D:4-7

Altars:
Dithmenos
Trog

Shops:
D:4 *   D:5 !!


Innate Abilities, Weirdness & Mutations

You have a beak for a mouth.
You have claws for feet.
You can fly continuously.
Scrolls take you a little longer to read.
You are robust. (+10% HP)


Message History

The worker ant is struck by an arc of lightning.
The worker ant is severely wounded.
You are struck by an arc of lightning.
The worker ant is struck by an arc of lightning.
You kill the worker ant!
The lightning grounds out.
The killer bee is struck by an arc of lightning.
The killer bee is severely wounded.
You are struck by an arc of lightning.
* * * LOW HITPOINT WARNING * * *
The killer bee is struck by an arc of lightning.
The killer bee is severely wounded.
You are struck by an arc of lightning.
* * * LOW HITPOINT WARNING * * *
The lightning grounds out.
The killer bee stings you.
* * * LOW HITPOINT WARNING * * *
The killer bee stings you.
* * * LOW HITPOINT WARNING * * *
The killer bee stings you.
You die...

#.## #.....##..##.....#
...####.##.......#.....#
.....#...#...##........#
.......# ##.#####.......
.......# #...##.........
.)....####.###..........
......###..#............
...............#.y......
...........#....@##...
...........##...........
.##..^.....#..######....
...........[#.### ..
...##...##.##...##
........#####....#
..###...# ###†## ...
#.y# #...$..#


You could see a killer bee.

Vanquished Creatures
  Sigmund (D:3)
  2 ice beasts (D:6)
  2 ogres
  5 big kobolds (Sewer)
  2 scorpions
  2 killer bees (D:6)
  2 crimson imps (D:5)
  A centaur zombie (D:5)
  An orc priest (D:2)
  A hound (D:3)
  An iguana (D:6)
  2 orc wizards
  3 worker ants
  3 gnolls (D:5)
  A howler monkey skeleton (D:4)
  A river rat (Sewer)
  13 adders
  A shadow imp (D:5)
  4 oozes (Sewer)
  An adder zombie (D:4)
  A worm (D:3)
  3 dart slugs
  6 leopard geckos
  7 orcs
  5 ball pythons
  6 bats
  2 giant cockroaches
  8 hobgoblins
  3 jackals (D:4)
  6 quokkas
  3 frilled lizards
  6 goblins
  9 kobolds
  A quokka skeleton (D:6)
  12 rats
127 creatures vanquished.

Notes
Turn   | Place    | Note
-------+----------+-------------------------------------------
     0 | D:1      | kae the Tengu Air Elementalist began the quest for the Orb.
     0 | D:1      | Reached XP level 1. HP: 10/10 MP: 4/4
    91 | D:1      | Reached skill level 2 in Conjurations
   162 | D:1      | Reached XP level 2. HP: 15/15 MP: 1/6
  1045 | D:2      | Reached skill level 3 in Conjurations
  1045 | D:2      | Reached XP level 3. HP: 15/19 MP: 1/7
  1047 | D:2      | Gained mutation: You tend to lose your temper in combat.
                  | [potion of mutation]
  1047 | D:2      | Gained mutation: Scrolls take you a little longer to read.
                  | [potion of mutation]
  1047 | D:2      | Gained mutation: You are robust. (+10% HP) [potion of
                  | mutation]
  1047 | D:2      | Lost mutation: You tend to lose your temper in combat.
                  | [potion of mutation]
  1061 | D:2      | Reached XP level 4. HP: 15/26 MP: 2/8
  1201 | D:2      | Learned a level 3 spell: Static Discharge
  1204 | D:2      | Learned a level 2 spell: Swiftness
  1208 | D:2      | Reached skill level 4 in Conjurations
  1618 | D:3      | Found a shadowy altar of Dithmenos.
  1693 | D:3      | Reached skill level 5 in Air Magic
  1693 | D:3      | Gained mutation: You can fly continuously. [Tengu growth]
  1693 | D:3      | Reached XP level 5. HP: 16/30 MP: 1/10
  1894 | D:3      | Noticed Sigmund
  1907 | D:3      | Killed Sigmund
  1907 | D:3      | Reached skill level 5 in Conjurations
  1907 | D:3      | Reached XP level 6. HP: 23/35 MP: 1/12
  2024 | D:3      | Reached skill level 6 in Conjurations
  2644 | D:4      | Found a glowing drain.
  2648 | Sewer    | Entered a sewer
  2788 | Sewer    | Reached XP level 7. HP: 39/39 MP: 4/13
  3033 | Sewer    | Reached skill level 7 in Conjurations
  3452 | Sewer    | Reached skill level 8 in Conjurations
  3609 | Sewer    | Reached XP level 8. HP: 45/45 MP: 13/15
  3802 | D:4      | Found a bloodstained altar of Trog.
  3864 | D:4      | Found Hegeek's General Store.
  4159 | D:5      | Entered Level 5 of the Dungeon
  4524 | D:5      | Found Lunuelynk's Distillery.
  4527 | D:5      | Bought a potion of magic for 96 gold pieces
  4527 | D:5      | Bought a potion of ambrosia for 96 gold pieces
  4527 | D:5      | Bought a potion of curing for 36 gold pieces
  4556 | D:5      | Found Caesmat's Distillery.
  4579 | D:5      | Bought a potion of lignification for 33 gold pieces
  4579 | D:5      | Bought a potion of degeneration for 11 gold pieces
  4777 | D:5      | Reached skill level 9 in Conjurations
  5457 | D:5      | Reached skill level 5 in Spellcasting
  5775 | D:6      | Reached skill level 10 in Conjurations
  5927 | D:6      | Learned a level 4 spell: Airstrike
  5945 | D:6      | Learned a level 5 spell: Lightning Bolt
  6032 | D:6      | Slain by a killer bee

Levels and vault maps discovered:
D:1:      grunt_arrival_lava_bath, layout_loops_ring
D:2:      layout_basic, first_ration
D:3:      layout_loops_ring, minmay_misc_feat_nine_boxes, grunt_dithmenos_smoke,
          uniq_sigmund
D:4:      layout_basic, gup_sewer_entry_bowl, serial_shops,
          nicolae_shop_temple_entry_statues_fountains, trog_butcher_becter
D:5:      layout_basic, serial_shops, shop, shop_coins
D:6:      layout_cave_pools, minmay_temple_entry_antechambers
D:7:      layout_loops_ring, overflow_temple_1_default, uniq_crazy_yiuf_cottage

Skill      XL: |  1  2  3  4  5  6  7  8 |
---------------+-------------------------+-----
Conjurations   | 2 3 4 5 6 8 10 | 10.2
Air Magic      | 5 6 8 |  8.2
Spellcasting   | 3 4 5 |  5.3
Dodging        | |  2.1
Stealth        | |  2.0

Action                   |  1- 3 |  4- 6 |  7- 9 || total
-------------------------+-------+-------+-------++-------
Melee: Unarmed           |     4 |       |       ||     4
       Kick              |     6 |    12 |     4 ||    22
       Whip              |    12 |    72 |    33 ||   117
       Peck              |       |     5 |     5 ||    10
 Cast: Shock             |    29 |    59 |   173 ||   261
       Static Discharge  |       |     4 |    10 ||    14
       Lightning Bolt    |       |       |     1 ||     1
       Swiftness         |       |       |     1 ||     1
 Abil: Fly               |       |     1 |       ||     1
  Use: Potion            |     5 |     2 |       ||     7
       Scroll            |       |     9 |     4 ||    13
 Stab: Invisible         |     1 |     1 |       ||     2
       Sleeping          |       |     8 |     2 ||    10
  Eat: Chunk             |       |     6 |     9 ||    15
Armor: Robe              |     2 |     7 |    10 ||    19
Dodge: Dodged            |    13 |    62 |    64 ||   139

Table legend:
 A = Non-vault XP
 B = Vault XP
 C = Vault XP percentage of total XP
 D = Non-vault monster count
 E = Vault monster count
 F = Vault count percentage of total count
                 A         B        C        D         E       F
            +---------+---------+-------+---------+---------+-------
      Total |    1476 |     865 |  37.0 |      91 |      36 |  28.3
            +---------+---------+-------+---------+---------+-------
        D:1 |      24 |       0 |   0.0 |      15 |       0 |   0.0
        D:2 |     103 |       0 |   0.0 |      14 |       0 |   0.0
        D:3 |     133 |     220 |  62.3 |      23 |       1 |   4.2
        D:4 |     255 |      14 |   5.2 |      12 |       7 |  36.8
        D:5 |     500 |       0 |   0.0 |      19 |       0 |   0.0
        D:6 |     461 |       0 |   0.0 |       8 |       0 |   0.0
      Sewer |       0 |     631 | 100.0 |       0 |      28 | 100.0
            +---------+---------+-------+---------+---------+-------
